Map: Orbital Shipyard

Players

Miltreta

  • Race: Terran Terran

A.I. 1 (Hard) - Winner!

  • Race: Protoss Protoss

VOD

Have the link to the VOD?

Description

Time

  • Played on: March 5, 2016, 7:41 p.m.
  • Length: 6:54
Show
View Real Time Build Order
Export as new Build Order

Miltreta Terran 

Build Orders:  

Get SALT Encoding   

  12  0:02  SCV  
  13  0:16  SCV  
  14  0:28  Supply Depot  
  14  0:43  SCV  
  15  0:55  SCV  
  16  1:03  Barracks  
  16  1:07  SCV, Barracks  
  17  1:12  Supply Depot  
  17  1:19  SCV  
  18  1:31  SCV  
  19  1:43  SCV  
  19  1:44  Engineering Bay  
  20  2:01  Refinery  
  20  2:03  Marine  
  21  2:20  Marine  
  22  2:36  Marine  
  23  2:38  Marine  
  24  2:54  Marine  
  25  3:12  Marine  
  26  3:16  Barracks Tech Lab  
  26  3:30  Marine  
  27  3:43  Marauder  
  29  3:55  Refinery  
  29  3:59  Orbital Command  
  29  4:05  Marauder  
  31  4:19  Bunker  
  31  4:54  Supply Depot  
  31  5:02  Command Center  
  31  5:36  SCV  
  32  5:48  SCV  
  33  6:00  SCV  
  34  6:07  Marine  
  34  6:14  Marauder  
  36  6:24  Marine  
Show
View Real Time Build Order
Export as new Build Order

A.I. 1 (Hard) Protoss - Winner!

Build Orders:  

Get SALT Encoding   

  12  0:01  Probe (Chrono Boost)  
  13  0:11  Probe (Chrono Boost)  
  14  0:20  Pylon  
  14  0:22  Probe (Chrono Boost)  
  15  0:38  Probe (Chrono Boost)  
  16  0:46  Assimilator  
  16  0:49  Probe (Chrono Boost)  
  17  0:50  Gateway  
  17  0:58  Pylon  
  17  0:59  Probe (Chrono Boost)  
  18  1:10  Probe (Chrono Boost)  
  19  1:21  Probe (Chrono Boost)  
  20  1:35  Zealot  
  22  1:41  Cybernetics Core  
  22  1:44  Gateway  
  22  1:46  Assimilator  
  22  2:01  Pylon  
  22  2:13  Warp Gate  
  22  2:17  Adept  
  24  2:29  Zealot  
  26  2:42  Pylon  
  26  2:43  Adept  
  28  2:55  Adept  
  31  3:07  Probe (Chrono Boost)  
  31  3:10  Adept  
  33  3:19  Pylon, Probe (Chrono Boost)  
  34  3:20  Adept  
  36  3:30  Probe (Chrono Boost)  
  37  3:35  Adept, Forge  
  40  3:42  Probe (Chrono Boost)  
  40  3:47  Adept  
  42  3:53  Probe (Chrono Boost)  
  43  4:00  Stalker  
  45  4:05  Probe (Chrono Boost)  
  46  5:07  Sentry  
  46  5:10  Gateway  
  48  5:14  Pylon  
  48  5:15  Nexus  
  48  5:16  Stalker, Photon Cannon  
  48  5:18  Photon Cannon  
  50  5:29  Sentry  
  52  5:37  Robotics Facility  
  52  5:38  Stalker  
  54  5:45  Pylon  
  54  5:51  Sentry  
  48  6:00  Stalker  
  50  6:08  Stalker  
  52  6:17  Stalker  
  54  6:23  Observer  
  55  6:26  Sentry  
  55  6:29  Probe (Chrono Boost)  
  55  6:30  Probe (Chrono Boost)  
  59  6:35  Assimilator  
  59  6:36  Pylon  
  59  6:37  Pylon  
  60  6:41  Probe (Chrono Boost)  
  60  6:42  Probe (Chrono Boost)  
  60  6:52  Stargate  
Tags
 
Add a new tag
Caveats
  • Supply blocks, unpowered buildings, or Contaminate may cause inaccurate times.
  • Supply counts are checked every 10 seconds.